[Event "*** MasterClass Titled Tuesday Blitz"]
[Site "Chess.com"]
[Date "2017.11.07"]
[Round "3"]
[White "HarutyunianTigranK"]
[Black "MITerryble"]
[Result "0-1"]
[WhiteElo "2564"]
[BlackElo "2609"]
[TimeControl "180+2"]
[EndTime "14:45:32 PST"]
[Termination "MITerryble won by resignation"]

1. c4 Nf6 2. Nc3 b6 3. e4 Bb7 4.
e5 Ng8 5. d4 d6 6. exd6 cxd6 7.
Nf3 Nf6 8. d5 g6 9. Bd3 Bg7 10.
O-O O-O 11. Re1 Nbd7 12. h3 Nc5 13. Bf1 Rc8 14. Bg5 Re8 15. Qd2 e5 16. b4 Na6 17.
Ne4 Nxe4 18. Rxe4 f6 19. Bh6 Bxh6 20. Qxh6 Nxb4 21. Nh4 f5 22. Re2 Qf6 23. Rb1 Nd3 24. Nf3 Nc5 25. Qd2 Kg7 26. a4 Ba6 27. Ree1 Nxa4 28.
Ra1 Nc5 29. Qb4 Re7 30. Ra3 Rcc7 31. Rae3 Bc8 32. Qd2 f4 33. Ra3 Bf5 34. Qa2 e4 35. Nd2 g5 36. Nb3 Nxb3 37. Rxb3 h5 38. Qa3 g4 39.
hxg4 hxg4 40. g3 e3 41. fxe3 fxg3 42. Bg2 Bc2 43. Rf1 Qh6 44. Qb2+ Re5 45. Rf4 Qh2+ 46. Kf1 Bxb3 47. Rxg4+ Kf8 48. Rf4+ Rf7 49. Qxb3 Rxf4+ 50. exf4 Re1+ 51. Kxe1 Qg1+ 52. Bf1 Qf2+ 53. Kd1 Qxf1+ 54. Kd2 Qf2+ 55. Kc1 g2 56. Qd1 g1=Q 57. Qxg1 Qxg1+ 58. Kc2 Qd4 59. Kb3 Qxf4 60. Kb4 Qd4 61. Kb5 Qc5+ 62. Ka6 Qxc4+ 63. Kb7 Qxd5+ 64. Ka6 Qc5 65. Kb7 d5 66. Ka6 d4 67. Kb7 d3 68. Ka6 d2 69. Kb7 d1=Q 0-1

[Event "*** MasterClass Titled Tuesday Blitz"]
[Site "Chess.com"]
[Date "2017.11.07"]
[Round "3"]
[White "GrigorGrigorov"]
[Black "tango_argentino"]
[Result "0-1"]
[WhiteElo "2621"]
[BlackElo "2494"]
[TimeControl "180+2"]
[EndTime "14:45:33 PST"]
[Termination "tango_argentino won by resignation"]

1. d4 Nf6 2. c4 g6 3. Nf3 Bg7 4. g3 O-O 5. Bg2 d6 6. O-O Nc6 7. Nc3 e5 8. dxe5 Nxe5 9. Nxe5 dxe5 10. Qxd8 Rxd8 11. Bg5 Rd4 12. Rfd1 c6 13. Be3 Rxd1+ 14. Rxd1 Be6 15. b3 Kf8 16. Na4 Nd7 17. h4 h5 18.
Nc3 f5 19. Na4 Ke8 20. Bg5 Bf8 21. e4 Nc5 22. Nc3 Be7 23. exf5 gxf5 24. Bf3 Bf7 25. Re1 Bxg5 26. hxg5 e4 27. Be2 Ne6 28. f3 exf3 29. Bxf3 Kd7 30. Rd1+ Ke7 31. Ne2 Nxg5 32. Bg2 Rd8 33. Rxd8 Kxd8 34. Kf2 Ke7 35. Ke3 Kf6 36.
Nf4 a5 37. Bh1 Be8 38. Bg2 Bf7 39. Nd3 Ne6 40. Bf3 Kg5 41. Be2 Be8 42. Bf3 b6 43. a3 c5 44. Bd5 Nd4 45. Nc1 Nc2+ 46. Kd2 Nxa3 47. Kc3 b5 48. Nd3 b4+ 49. Kb2 Kg4 50. Nxc5 Kxg3 51. Ne6 f4 52. Nd4 h4 53. Ne2+ Kg4 54. Nd4 Bd7 55. c5 h3 56. c6 Bc8 57. c7 h2 58. Kc1 Kg3 59. Ne2+ Kf2 60. Nxf4 Nb5 61. Nd3+ Ke3 62. Ne5 Kd4 63. Nf3+ Kxd5 64.
Nxh2 Nxc7 65. Kb2 Nb5 0-1

[Event "*** MasterClass Titled Tuesday Blitz"]
[Site "Chess.com"]
[Date "2017.11.07"]
[Round "3"]
[White "Alexander_Moskalenko"]
[Black "GM_dmitrij"]
[Result "1-0"]
[WhiteElo "2676"]
[BlackElo "2606"]
[TimeControl "180+2"]
[EndTime "14:45:34 PST"]
[Termination "Alexander_Moskalenko won by resignation"]

1. e4 e5 2. Nf3 Nc6 3. Bb5 a6 4.
Ba4 Nf6 5. O-O Be7 6. d3 b5 7.
Bb3 d6 8. a3 Na5 9. Ba2 c5 10.
Nc3 Be6 11. Nh4 O-O 12. Nf5 Bxf5 13. exf5 d5 14. Qf3 c4 15. Rd1 Nc6 16. dxc4 Nd4 17. Qg3 Nxc2 18. Rb1 d4 19. cxb5 axb5 20. Nxb5 Nb4 21.
Bxf7+ Rxf7 22. axb4 Qd5 23. Nc7 Qe4 24. Qd3 Rc8 25.
Ne6 Qxd3 26. Rxd3 Nd5 27. g4 Nxb4 28. Rb3 g6 29. Bd2 Na6 30. Rb6 Nb8 31. Ra1 Nd7 32. Rb7 Nc5 33. Rc1 gxf5 34. gxf5 h6 35. Rxe7 Rxe7 36.
Rxc5 Rxc5 37. Nxc5 Rf7 38. f3 Rxf5 39. Kf2 Rh5 40. Kg3 Rf5 41. b4 Kh7 42. h4 Rf6 43. Nd3 Re6 44. Kg4 Kg6 45. h5+ Kf6 46. Bxh6 e4 47. fxe4 Rxe4+ 48. Bf4 Re2 49. h6 Kg6 50.
Kf3 Re8 51. b5 Re6 52. Ne5+ Kh7 53. Nc4 d3 54. b6 Re7 55. Kg4 Rd7 56. Kf5 Rd5+ 57.
Ke4 Rd7 58. Ke3 Rd5 59. Kd2 Rc5 60. b7 Rb5 61. Na5 Rb4 62. Kxd3 Kg6 63. Kc3 Rb5 64. Kc4 Rb2 65. Nb3 Rc2+ 66. Kd3 1-0

[Event "*** MasterClass Titled Tuesday Blitz"]
[Site "Chess.com"]
[Date "2017.11.07"]
[Round "3"]
[White "PenguinPacks"]
[Black "Shivagami"]
[Result "1/2-1/2"]
[WhiteElo "2167"]
[BlackElo "2006"]
[TimeControl "180+2"]
[EndTime "14:45:44 PST"]
[Termination "Game drawn - insufficient material"]

1. d4 d5 2. c4 c6 3. Nf3 Nf6 4. Nc3 dxc4 5. a4 Bf5 6. e3 a5 7. Bxc4 e6 8. O-O Bb4 9. h3 O-O 10. Bd3 Nbd7 11. e4 Bg6 12. e5 Nd5 13. Ne4 Be7 14.
Bg5 Nb4 15. Bxe7 Qxe7 16. Bb1 Rfd8 17. Nd6 Rab8 18. Bxg6 hxg6 19. Nd2 c5 20. N2c4 cxd4 21. Qxd4 Nc6 22. Qe4 Ndxe5 23. Nxe5 Rxd6 24. Nf3 Rbd8 25. Qe2 Qd7 26. Qb5 Rd5 27. Qb3 Nb4 28. Rac1 Nd3 29.
Rc4 Nb4 30. Rc3 Rd3 31. Qc4 Rxc3 32. bxc3 Rc8 33. Qd4 Qxd4 34. cxd4 Rc4 35. Rb1 Kf8 36. Kf1 Ke7 37. Ke2 Kd6 38. Ke3 Kd5 39. Rb3 Kc6 40.
Ne5+ Kd5 41. Nxc4 Kxc4 42. Rb1 b5 43. axb5 Kxb5 44. Ke4 a4 45. Ke5 a3 46. Kd6 a2 47.
Ra1 Kc4 48. Ke7 Kxd4 49. Kxf7 Kc3 50. Kxg6 Kb2 51. Rxa2+ Kxa2 52. Kxg7 Nd3 53. f3 Nf4 54. h4 Nxg2 55. h5 Nh4 56. Kf6 Nf5 57. Kxe6 Ng7+ 58.
Kf7 Nxh5 59. Kg6 Nf4+ 60. Kf5 Nd3 61. Ke4 Nf2+ 62. Ke3 Nh3 63. Ke4 Kb3 64. Kf5 Kc3 65. Kg4 Nf2+ 66. Kg3 Nd3 67. f4 Nxf4 1/2-1/2

[Event "*** MasterClass Titled Tuesday Blitz"]
[Site "Chess.com"]
[Date "2017.11.07"]
[Round "3"]
[White "Bigfish1995"]
[Black "gammagramma"]
[Result "1-0"]
[WhiteElo "2918"]
[BlackElo "2432"]
[TimeControl "180+2"]
[EndTime "14:45:45 PST"]
[Termination "Bigfish1995 won by resignation"]

1. e4 e6 2. d4 d5 3. Nd2 Nf6 4. Bd3 dxe4 5. Nxe4 Nbd7 6. Ne2 Nxe4 7. Bxe4 Nf6 8. Bf3 e5 9. Bg5 exd4 10. Qxd4 Qxd4 11. Nxd4 c6 12. O-O-O Be7 13. Nxc6 h6 14. Rhe1 Be6 15. Bxf6 Bxf6 16. Nd4 O-O-O 17. Nxe6 Rxd1+ 18. Kxd1 fxe6 19. Rxe6 Bxb2 20. Re7 Rd8+ 21. Ke2 b6 22.
Rxa7 Bc3 23. Be4 Rd2+ 24. Ke3 Rd6 25. Bd3 Bd4+ 26. Ke2 Re6+ 27. Kf1 Rf6 28. f3 g5 29. h3 h5 30. Ra8+ Kc7 31. Rg8 Be3 32. Rg7+ Kd6 33. Ke2 Bf4 34. g3 Bxg3 35. Rxg5 h4 36. a4 Re6+ 37.
Be4 Re5 38. Rg6+ Re6 39. Rg8 Kc5 40. Kd3 Rd6+ 41. Kc3 Be1+ 42. Kb3 Kd4 43. Rg1 Bg3 44. Bf5 Rc6 45. Rd1+ Kc5 46. Rd3 Be5 47. Re3 Kd4 48.
Re4+ Kd5 49. c4+ Kd6 50. Rxh4 Kc5 51. Be4 Rf6 52. Rh5 Kd4 53. Rh7 Rd6 54. h4 Ke3 55.
Bd5 Rg6 56. h5 Rg1 57. Re7 Kf4 58. h6 Rb1+ 59. Kc2 Rb2+ 60. Kd3 Rb3+ 61. Kc2 Rb2+ 62.
Kc1 Rh2 63. h7 Bd6 64. Rd7 Ba3+ 65. Kd1 Ke3 66. Be4 Bb2 67. Rd3+ Kf4 68. Rd2 Rh1+ 69.
Kc2 Be5 70. Rd5 Rh2+ 71. Kb3 Rb2+ 72. Ka3 Rh2 73. a5 bxa5 74. Rxa5 Bc3 75. Rd5 Ke3 76. Rd3+ Kf4 77. Rxc3 1-0

[Event "*** MasterClass Titled Tuesday Blitz"]
[Site "Chess.com"]
[Date "2017.11.07"]
[Round "3"]
[White "Mistheoretical"]
[Black "Too_Stupid_To_Play"]
[Result "0-1"]
[WhiteElo "2293"]
[BlackElo "2215"]
[TimeControl "180+2"]
[EndTime "14:45:52 PST"]
[Termination "Too_Stupid_To_Play won by checkmate"]

1. d4 Nf6 2. Bg5 d5 3. Bxf6 exf6 4. e3 Bd6 5. c4 c6 6. cxd5 cxd5 7. Nc3 Be6 8. g3 O-O 9. Bg2 Be7 10. Qf3 Qa5 11. Ne2 Rd8 12. O-O Na6 13. a3 Rac8 14. Nf4 Nc7 15. Rfc1 b5 16. b4 Qa6 17. Qe2 Qb7 18.
Qa2 g5 19. Nd3 Bf5 20. Qe2 Ne6 21. Ra2 Rc4 22. Nc5 Nxc5 23. bxc5 Be6 24. Qb2 a6 25. Bf1 Qc6 26. a4 b4 27. Ne2 a5 28. Rd1 h5 29. Nc1 h4 30. Nb3 hxg3 31. hxg3 Ra8 32. Nd2 Bd8 33. Bg2 Qa6 34. Nxc4 Qxc4 35. Raa1 Qa6 36.
Rdc1 Bc7 37. Qb3 Qc6 38. Rc2 Kg7 39. Rac1 Rh8 40. f4 gxf4 41. gxf4 Kf8 42. Kf2 Ke7 43.
Ra1 Rg8 44. Qd3 Qd7 45. Qb5 Qc8 46. Qc6 Bf5 47. Rcc1 Rxg2+ 48. Kxg2 Be4+ 49. Kg3 Bxf4+ 50. exf4 Qxc6 51. Re1 f5 52. Re2 Qf6 53. Rh2 Qxd4 54. Rh6 Qxa1 55. c6 Qc3+ 56. Kh4 b3 57. c7 Qxc7 58.
Kg5 b2 59. Ra6 b1=Q 60. Kh6 Qh1+ 61. Kg7 Qg2+ 62. Kh8 Qc1 63. Ra7+ Ke6 64. Ra6+ Kd7 65. Ra7+ Kd6 66. Ra6+ Kc5 67. Ra7 Qch1# 0-1

[Event "*** MasterClass Titled Tuesday Blitz"]
[Site "Chess.com"]
[Date "2017.11.07"]
[Round "3"]
[White "AttilaTurzo"]
[Black "EndgameGrinder"]
[Result "1/2-1/2"]
[WhiteElo "2365"]
[BlackElo "2499"]
[TimeControl "180+2"]
[EndTime "14:45:55 PST"]
[Termination "Game drawn by agreement"]

1. d4 Nf6 2. Bf4 e6 3. e3 c5 4. Nf3 d5 5. c3 Nc6 6. Nbd2 Bd6 7. Bg3 O-O 8. Bd3 b6 9. Qe2 Bb7 10. Rd1 Qe7 11. dxc5 Bxc5 12. e4 d4 13. cxd4 Nxd4 14. Nxd4 Bxd4 15. Nb3 Qb4+ 16. Qd2 Bc5 17. Nxc5 Qxc5 18.
f3 Rfd8 19. Bf2 Qd6 20. Be2 Qe7 21. Qc3 Rdc8 22. Qb3 Nh5 23. g3 Rc7 24. O-O Rac8 25. Be3 Nf6 26. Rc1 h6 27. Rxc7 Rxc7 28. Rc1 Rxc1+ 29.
Bxc1 Qd6 30. Be3 Nd7 31. Qd3 Qxd3 32. Bxd3 e5 33. b4 Kf8 34. Kf2 Ke7 35. Bc4 f6 36. Ke2 Kd6 37. Kd2 Nf8 38. Kd3 Bc8 39. a4 Ne6 40. a5 bxa5 41. bxa5 Nc5+ 42. Kc3 a6 43. Kb4 Ne6 44. Kc3 Nc5 45. Bc1 Kc6 46. Ba3 g6 47.
Bf7 g5 48. g4 Be6 49. Bxc5 Bxf7 50. Be7 Kd7 51. Bxf6 Ke6 52. Bg7 h5 53. h3 hxg4 54. hxg4 Be8 55. Bh6 Kf6 56. Kc4 Bb5+ 57. Kd5 Be2 58. Bf8 Bxf3 59. Bd6 Bxg4 60. Bxe5+ Kf7 61. Kc6 Ke6 62. Bg3 Be2 63. Kb6 g4 64. Kc5 Bd3 65. Kd4 Bf1 66. Ke3 Bb5 67. Kf4 Be2 68. Bf2 Bd1 69. Bc5 Bf3 70. Bb4 Bd1 71. e5 Bf3 72. Be1 Bd1 1/2-1/2

[Event "*** MasterClass Titled Tuesday Blitz"]
[Site "Chess.com"]
[Date "2017.11.07"]
[Round "3"]
[White "Po6Don"]
[Black "nicegg"]
[Result "0-1"]
[WhiteElo "1973"]
[BlackElo "1979"]
[TimeControl "180+2"]
[EndTime "14:45:55 PST"]
[Termination "nicegg won on time"]

1. e4 e5 2. Nf3 Nc6 3. Bc4 Nf6 4. d3 Be7 5. O-O d6 6. a4 Bg4 7. h3 Bh5 8. Re1 h6 9. c3 Qd7 10. a5 a6 11. Nbd2 g5 12. Qb3 Rb8 13. d4 g4 14.
hxg4 Qxg4 15. d5 Rg8 16. g3 Nd8 17. Bxa6 Bg6 18. Bd3 Ra8 19. Nh2 Qh3 20. Bf1 Qc8 21. Ndf3 Bxe4 22. Bxh6 Bxd5 23. Bc4 Bxc4 24. Qxc4 Qh3 25.
Bg5 Qd7 26. a6 bxa6 27. Rxa6 Rxa6 28. Qxa6 Qc6 29. Qxc6+ Nxc6 30. Bxf6 Bxf6 31. Nf1 Kd7 32. Ne3 Ne7 33. Ra1 Rb8 34. Nc4 Ke6 35. Ra2 d5 36. Ne3 c5 37. Kg2 Rb6 38. Ng4 Bg7 39.
Ne3 d4 40. cxd4 cxd4 41. Nc4 Rc6 42. b3 Nd5 43. Ra4 e4 44. Ng5+ Kf5 45. Nxf7 e3 46. fxe3 dxe3 47. Kf3 Rf6 48. Nfd6+ Ke6+ 49. Ke2 Nc3+ 50.
Ke1 Nxa4 51. bxa4 Kd5 52. a5 Rxd6 53. Nxd6 Kxd6 54. Ke2 Bd4 55. Kd3 Ba7 56. a6 Ke5 57. g4 Kf4 58. g5 Kxg5 59. Ke2 Kf4 60. Kf1 Kf3 61. Ke1 e2 62. Kd2 Kf2 63. Kc2 e1=Q 0-1

[Event "*** MasterClass Titled Tuesday Blitz"]
[Site "Chess.com"]
[Date "2017.11.07"]
[Round "3"]
[White "MartinZumsande"]
[Black "johnathan113"]
[Result "1/2-1/2"]
[WhiteElo "2447"]
[BlackElo "2466"]
[TimeControl "180+2"]
[EndTime "14:46:06 PST"]
[Termination "Game drawn - insufficient material"]

1. e4 c5 2. c3 Nf6 3. e5 Nd5 4. d4 cxd4 5. cxd4 d6 6. Bc4 Nb6 7. Bb5+ Bd7 8. e6 Bxb5 9. Qh5 g6 10. Qxb5+ Nc6 11. exf7+ Kxf7 12. Nf3 h6 13. O-O Bg7 14.
Re1 Nxd4 15. Nxd4 Bxd4 16. Nc3 Qd7 17. Qb3+ Kg7 18. Be3 Bf6 19. Bxb6 axb6 20. Nd5 Ra5 21. Nxf6 exf6 22. Qxb6 Rb5 23. Qd4 Re8 24. h3 Rbe5 25. Red1 Re4 26. Qd3 d5 27. Rac1 R8e7 28. b3 Qf5 29. Qg3 Re2 30. a4 h5 31. h4 Kh6 32.
Rc3 R2e4 33. Rf3 Qe6 34. Rfd3 Rg4 35. Qe3+ Qxe3 36. Rxe3 Rxe3 37. fxe3 Rxh4 38. Rxd5 Rb4 39. Rd3 Kg5 40. Kf2 Kf5 41. Kf3 g5 42. g3 g4+ 43.
Ke2 Ke4 44. Rc3 Kd5 45. Kd3 Ke5 46. Rc5+ Kd6 47. Rxh5 Rxb3+ 48. Ke4 Rb4+ 49. Kd3 Rxa4 50. Rb5 Ra3+ 51. Kd4 Ra4+ 52. Kd3 Ra3+ 53. Kd4 Ra1 54. Rxb7 Rg1 55. Rb6+ Ke7 56. Ke4 Rxg3 57. Kf5 Rg1 58. Rb7+ Kd6 59. Rg7 g3 60. Kf4 g2 61. Kf3 Ke5 62.
Rxg2 Rxg2 63. Kxg2 Ke4 64. Kf2 f5 65. Ke2 f4 66. exf4 Kxf4 1/2-1/2

[Event "*** MasterClass Titled Tuesday Blitz"]
[Site "Chess.com"]
[Date "2017.11.07"]
[Round "3"]
[White "ZapataCharlesS"]
[Black "FairChess_on_YouTube"]
[Result "0-1"]
[WhiteElo "2523"]
[BlackElo "2773"]
[TimeControl "180+2"]
[EndTime "14:46:12 PST"]
[Termination "FairChess_on_YouTube won by checkmate"]

1. d4 d5 2. Nf3 Nf6 3. c4 c6 4. cxd5 cxd5 5. Nc3 Nc6 6. e3 Bf5 7. Ne5 Rc8 8. Bb5 Bd7 9. O-O e6 10. f4 Bb4 11. Bd3 O-O 12. Bd2 Ne7 13. Be1 Nf5 14. Bxf5 exf5 15. Qb3 Bxc3 16. Bxc3 b6 17.
Rfc1 Re8 18. a4 Be6 19. a5 Ne4 20. axb6 axb6 21. Bb4 f6 22. Nd3 Rc4 23. Ra7 Bf7 24. Qa4 Qc8 25. Rf1 Rc2 26. Qd7 Qxd7 27. Rxd7 Bh5 28.
Rc1 Rxc1+ 29. Nxc1 Rc8 30. Nd3 Be2 31. Ne1 Bc4 32. Rb7 b5 33. h3 Be2 34. Kh2 h5 35. Bc5 Nxc5 36. dxc5 Rxc5 37. Kg3 g5 38. Kf2 Bd1 39. b4 Rc4 40. Rxb5 gxf4 41. Rxd5 fxe3+ 42. Kxe3 Re4+ 43. Kf2 Bb3 44. Rd8+ Kf7 45. Nd3 Bc4 46. Nc5 Re2+ 47. Kf3 Rb2 48. Rd7+ Kg6 49. Kg3 Bf1 50. Ne6 h4+ 51. Kxh4 Rxb4+ 52. Kg3 Rb3+ 53. Kf2 Bc4 54. Nf8+ Kg5 55. Rg7+ Kf4 56. g3+ Ke4 57. Re7+ Kd4 58. Nd7 Rb2+ 59. Kg1 Rb1+ 60. Kf2 Rb2+ 61. Kg1 Rb7 62.
Rh7 Ke3 63. Nxf6 Rb1+ 64. Kh2 Kf3 65. Rc7 Rb2+ 66. Kh1 Be2 67. Rc1 Kxg3 68. Nh5+ Bxh5 69. Rg1+ Kxh3 70. Rf1 Bg4 71. Rg1 Rh2# 0-1

[Event "*** MasterClass Titled Tuesday Blitz"]
[Site "Chess.com"]
[Date "2017.11.07"]
[Round "3"]
[White "SergeiAza"]
[Black "temiksmozg"]
[Result "0-1"]
[WhiteElo "2644"]
[BlackElo "2461"]
[TimeControl "180+2"]
[EndTime "14:46:24 PST"]
[Termination "temiksmozg won on time"]

1. e4 e6 2. d4 d5 3. Nd2 c5 4. exd5 exd5 5. Ngf3 Nc6 6. Bb5 cxd4 7. O-O Bd6 8. Nb3 Ne7 9. Nbxd4 O-O 10. Bg5 Qc7 11.
c3 Bg4 12. Be2 Nxd4 13. Nxd4 Bxe2 14. Qxe2 a6 15. Bxe7 Bxe7 16. Qf3 Rad8 17. Rad1 Bc5 18. Rd2 Rfe8 19. g3 g6 20. Rfd1 Re5 21. Kg2 Bb6 22.
h4 Qc4 23. a3 h5 24. Rd3 Kg7 25. R1d2 Rd6 26. Qd1 Re7 27. Qf3 Re4 28. Ne2 Rf6 29.
Nf4 Bc7 30. Rd4 Qc6 31. Rxe4 dxe4 32. Qe3 Bxf4 33. gxf4 Qc7 34. Kg3 Qc8 35. f3 exf3 36.
Qxf3 Re6 37. Rd5 Re1 38. Kf2 Qe6 39. Qd3 Rh1 40. Qd4+ Kh7 41. Re5 Qg4 42. Ke3 Rh2 43.
Kd3 Qd1+ 44. Kc4 Qa4+ 45. Kd3 Qc2+ 46. Kc4 Qa4+ 47. Kd3 Qc6 48. Qd5 Rh3+ 49. Kc2 Qxd5 50.
Rxd5 Rxh4 51. Rd7 Rxf4 52. Rxb7 h4 53. Rd7 h3 54. Rd3 Rh4 55. Rd1 h2 56. Rh1 g5 57.
Kd3 g4 58. Ke3 Kg6 59. Kf4 f5 60. c4 Rh3 61. c5 Rf3+ 62. Ke5 g3 63. c6 Re3+ 64. Kf4 g2 65. c7 Re8 0-1

[Event "*** MasterClass Titled Tuesday Blitz"]
[Site "Chess.com"]
[Date "2017.11.07"]
[Round "3"]
[White "VladDobrov"]
[Black "popov_m"]
[Result "0-1"]
[WhiteElo "2655"]
[BlackElo "2504"]
[TimeControl "180+2"]
[EndTime "14:46:38 PST"]
[Termination "popov_m won by resignation"]

1. d4 g6 2. Nf3 Bg7 3. g3 d6 4. Bg2 Nf6 5. O-O O-O 6. a4 c5 7.
Nc3 Na6 8. e4 Bg4 9. Be3 Qc8 10.
e5 dxe5 11. dxe5 Nd7 12. h3 Bf5 13. Nd5 Re8 14. Bf4 Nb4 15. Nxb4 cxb4 16. Qd2 a5 17. Rac1 Nc5 18. g4 Be4 19. b3 b6 20. Qe3 Qb7 21.
Ne1 Bxg2 22. Nxg2 Rac8 23. Rfd1 Ne6 24. Rd3 Rc7 25. Bg3 Rec8 26. Qd2 Qa8 27. Ne3 Nc5 28. Nd5 Nxd3 29. Nxc7 Rxc7 30. Qxd3 e6 31. Rd1 Bf8 32. Bf4 Qc6 33. Qd8 Rc8 34. Qd3 Qb7 35. Bg5 Rc3 36.
Qf1 Be7 37. Bxe7 Qxe7 38. Rd2 Qc7 39. Qe2 Kg7 40. Qe4 Qc6 41. Qxc6 Rxc6 42. f4 Rc3 43.
Kg2 Kf8 44. g5 Ke7 45. Kf2 Rxh3 46. Rd6 Rc3 47. Rxb6 Rxc2+ 48. Ke1 Rc3 49. Rb7+ Kf8 50. Rb8+ Kg7 51. Rb5 Rxb3 52. Rxa5 Ra3 53. Rb5 h5 54. Ke2 Rxa4 55. Kf3 Ra3+ 56. Kg2 Rb3 57. Rb8 Rb2+ 58. Kg3 b3 59. Kh3 Rb1 60. Kg3 b2 61. Kg2 h4 62.
Rb4 h3+ 63. Kh2 Kf8 64. Rb7 Ke8 65. Rb3 Kd7 66. Rb4 Kc6 67. Rb3 Kd5 68. Rb8 Ke4 69.
Rb4+ Kf3 70. Rb7 Kxf4 71. Rxf7+ Kxe5 72. Rb7 Kf5 0-1

[Event "*** MasterClass Titled Tuesday Blitz"]
[Site "Chess.com"]
[Date "2017.11.07"]
[Round "3"]
[White "pKiLz5Rn9b"]
[Black "SCIM"]
[Result "1/2-1/2"]
[WhiteElo "2577"]
[BlackElo "2407"]
[TimeControl "180+2"]
[EndTime "14:46:46 PST"]
[Termination "Game drawn by stalemate"]

1. b3 d5 2. Bb2 Nf6 3. Nf3 g6 4. e3 Bg7 5. d4 O-O 6. g3 c6 7. Bg2 a5 8. c4 a4 9. O-O Ne4 10.
Ne5 Nd7 11. cxd5 cxd5 12. bxa4 Nxe5 13. dxe5 Be6 14. Bd4 Qa5 15. f3 Nc5 16. Nc3 Rfc8 17. Rb1 Nxa4 18. Nxa4 Qxa4 19. Qxa4 Rxa4 20. Rf2 Rc7 21.
Rfb2 Bf8 22. f4 h5 23. Rxb7 Rxb7 24. Rxb7 Rxa2 25. Rb8 Rc2 26. h3 Rc1+ 27. Kh2 Rc2 28. Rb2 Rxb2 29. Bxb2 Bg7 30. Ba3 Kf8 31. Bf3 Ke8 32. g4 hxg4 33. hxg4 Kd7 34. Kg3 f6 35. Bb2 Kc6 36. Bd4 fxe5 37. Bxe5 Bxe5 38. fxe5 g5 39. Kf2 Kc5 40. Ke2 d4 41. Kd2 Bd5 42. Bd1 Be4 43. Bb3 Bf3 44. Be6 Be4 45. Bb3 Bd5 46.
Bd1 Bc4 47. Bf3 Be6 48. Kd3 Bc4+ 49. Kd2 Bd5 50. Bd1 Bc6 51. Bb3 Bd7 52. Kd3 dxe3 53. Kxe3 Bxg4 54. Ke4 Be2 55. Kf5 g4 56. Kf4 Kd4 57.
Be6 Bf3 58. Bc8 Kd3 59. Be6 Kd4 60. Bc8 Bd1 61. Be6 g3 62. Kxg3 Kxe5 63. Bc8 Kd4 64. Kf2 e5 65. Ke1 Bh5 66. Bh3 e4 67. Bf1 Ke3 68. Ba6 Bf7 69. Bf1 Bd5 70. Ba6 Kd4 71. Bf1 Bc4 72. Bxc4 Kxc4 73. Ke2 Kd4 74. Kd2 e3+ 75. Ke2 Ke4 76. Ke1 Kf3 77. Kf1 e2+ 78. Ke1 Ke3 1/2-1/2

[Event "*** MasterClass Titled Tuesday Blitz"]
[Site "Chess.com"]
[Date "2017.11.07"]
[Round "3"]
[White "plouarzel"]
[Black "Sam_ChessMood"]
[Result "0-1"]
[WhiteElo "2457"]
[BlackElo "2631"]
[TimeControl "180+2"]
[EndTime "14:46:59 PST"]
[Termination "Sam_ChessMood won by checkmate"]

1. e4 c5 2. Nf3 d6 3. Bb5+ Nd7 4. O-O a6 5. Bd3 Ngf6 6. Re1 e6 7. c3 b5 8. Bc2 c4 9. b3 Bb7 10.
Na3 Rc8 11. bxc4 bxc4 12. Rb1 Ba8 13. Qe2 Qc7 14. Nd4 Be7 15. d3 cxd3 16. Bxd3 Nc5 17. Bxa6 Nxa6 18. Qxa6 O-O 19. Nab5 Qd7 20. f3 Bb7 21.
Qb6 d5 22. Na7 Rxc3 23. Qxb7 Rc7 24. Qb5 Rxa7 25. Qxd7 Nxd7 26. exd5 Bc5 27. Be3 exd5 28. Rec1 Ra3 29. Bf2 Rxa2 30. Rd1 Nf6 31. Ra1 Rfa8 32. Rxa2 Rxa2 33. Ne2 Bxf2+ 34. Kxf2 h5 35. h4 Kh7 36. Ke3 Ra3+ 37. Kf2 Ra5 38. Nf4 g6 39. Rd4 Kh6 40. Kg3 Kg7 41. Kf2 Kf8 42. Kg3 Ke7 43. Kh3 Kd6 44. Nd3 Nd7 45. g4 hxg4+ 46. fxg4 Ra3 47. Kg2 Nf6 48. Kf2 Nxg4+ 49. Rxg4 Rxd3 50. Ke2 Rh3 51. Kf2 Ke6 52. Kg2 Ra3 53. h5 gxh5 54. Rh4 Re3 55. Rxh5 d4 56. Kf2 Re5 57. Rh6+ Kd5 58. Rh7 Re7 59.
Rh5+ Kc4 60. Kf3 d3 61. Rh8 Kc3 62. Rc8+ Kd2 63. Rd8 Kc2 64. Rc8+ Kd1 65. Rd8 d2 66. Kf2 Rc7 67. Ra8 Kc1 68. Ra1+ Kb2 69. Rh1 Rc1 70. Rh8 d1=Q 71. Rb8+ Ka3 72. Ra8+ Kb4 73. Rb8+ Ka5 74.
Ra8+ Kb6 75. Rd8 Qxd8 76. Kf3 Qd4 77. Ke2 Rc3 78. Ke1 Qe3+ 79. Kf1 Qd2 80. Kg1 Rc1# 0-1

[Event "*** MasterClass Titled Tuesday Blitz"]
[Site "Chess.com"]
[Date "2017.11.07"]
[Round "3"]
[White "LastHeroJr"]
[Black "platy3"]
[Result "1-0"]
[WhiteElo "2380"]
[BlackElo "2526"]
[TimeControl "180+2"]
[EndTime "14:47:00 PST"]
[Termination "LastHeroJr won by resignation"]

1. e4 c6 2. d4 d5 3. e5 Bf5 4.
Nf3 e6 5. Be2 Nd7 6. O-O Ne7 7. a4 h6 8. a5 a6 9. b4 g5 10. Ne1 Bg6 11. Nd3 Nf5 12. c3 h5 13.
Re1 Be7 14. Nd2 g4 15. Nb3 Bg5 16. Bf4 Bxf4 17. Nxf4 Qg5 18. Qd2 h4 19. Rad1 g3 20.
fxg3 hxg3 21. h3 Rh4 22. Rf1 O-O-O 23. Bd3 Kb8 24. Ne2 Qe3+ 25. Kh1 Qxd2 26. Rxd2 Ne3 27.
Rf3 Nc4 28. Ra2 Ndxe5 29. dxe5 Nxe5 30. Bxg6 Nxf3 31. Bxf7 Ng5 32. Bg6 Rh6 33. Bb1 e5 34. Nxg3 e4 35. Rf2 Ne6 36. Nd4 c5 37. Nxe6 Rxe6 38.
bxc5 Rc8 39. c4 dxc4 40. Nxe4 c3 41. Kh2 Re5 42. g4 Rd8 43. Kg3 Rd1 44. Bc2 Ra1 45. g5 Ra2 46. g6 Re6 47. Nxc3 Ra3 48. Rf3 Re7 49. h4 Rxa5 50. Ne4 Ra2 51. Bd3 Ra1 52. h5 Rh1 53. Kg4 Rg1+ 54. Kf5 Rh1 55. Kg5 Re5+ 56. Rf5 Rxh5+ 57. Kxh5 Rxf5+ 58. Kg4 Rf8 59. Bc4 Re8 60. Nf6 Re7 61. Kf5 b6 62. cxb6 Kb7 63. Nd5 Re1 64. Kf6 Rg1 65. g7 a5 66.
Bb5 Rg2 67. Kf7 Rf2+ 68. Ke8 Rg2 69. Kf8 Rf2+ 70. Kg8 Rg2 71. Be8 Rg1 72. Kf8 Rf1+ 73. Bf7 Rg1 74. g8=Q Rxg8+ 75. Bxg8 a4 76. Bh7 a3 77.
Bb1 Kc6 78. Ba2 1-0

[Event "*** MasterClass Titled Tuesday Blitz"]
[Site "Chess.com"]
[Date "2017.11.07"]
[Round "3"]
[White "MFBerna"]
[Black "Maitreia"]
[Result "1/2-1/2"]
[WhiteElo "2317"]
[BlackElo "2472"]
[TimeControl "180+2"]
[EndTime "14:47:18 PST"]
[Termination "Game drawn by stalemate"]

1. e4 c5 2. Nf3 g6 3. g3 Bg7 4. Bg2 Nc6 5. O-O Nf6 6. Nc3 O-O 7. Re1 d6 8. d3 Rb8 9. a4 a6 10. Nh4 b5 11. axb5 axb5 12. f4 b4 13. Ne2 Qb6 14. Kh1 Bb7 15. h3 Ra8 16. Be3 Rxa1 17. Qxa1 Ra8 18.
Qc1 Nd7 19. Nf3 Ra2 20. c3 bxc3 21. bxc3 Ba6 22. c4 Nb4 23. Qb1 Ra1 24. Qb3 Qa5 25.
Rxa1 Qxa1+ 26. Kh2 Nb6 27. e5 Qa4 28. Qb1 Qc2 29.
Qxc2 Nxc2 30. Bd2 Nb4 31. Nc1 Na4 32. exd6 exd6 33. Ng5 Bb2 34. Bxb4 cxb4 35. Nb3 Nc5 36. Na5 h6 37. Ne4 Bc3 38. Kg1 Nxd3 39. Nxd6 Kf8 40.
Bd5 f5 41. Kf1 Nc5 42. Ke2 b3 43. Nxb3 Nxb3 44. Kd3 Bb4 45. Nf7 h5 46. Ne5 Kg7 47. Ke3 Bc5+ 48. Kd3 Bd6 49. Nc6 Nc5+ 50. Kd4 Nd7 51.
Nd8 Bc5+ 52. Kc3 Bc8 53. Ne6+ Kf6 54. Nxc5 Nxc5 55. Kd4 Nd7 56. c5 Nb8 57. c6 Na6 58. Bc4 Nc7 59. Kc5 h4 60. gxh4 Ne6+ 61. Bxe6 Kxe6 62.
c7 Kd7 63. Kd5 Kxc7 64. Ke5 Kd7 65. Kf6 Ke8 66. Kxg6 Kf8 67. h5 Kg8 68. h6 Kh8 69.
h4 Bd7 70. h7 Bc8 71. Kh6 Bd7 72. Kg6 Be6 73. Kh6 Bf7 74. Kg5 Be6 75. Kg6 Bc8 76. Kh6 Ba6 77. Kg6 Bd3 78. Kh6 Be2 79. Kg6 Bg4 80. Kh6 Bh3 81. Kg6 Bg4 82. Kh6 Bd1 83. Kg6 Bc2 84. Kh6 Bb3 85. Kg6 Be6 86. Kf6 Bc8 87. Kg6 Bd7 88. Kh6 Be8 89. Kg5 Bg6 90.
Kxg6 1/2-1/2